 Dungeon Crawl Stone Soup version 0.28.0-53-g5a82cb258f (webtiles) character file.

Game seed: 16104998341163785063

229 Nyth the Slasher (level 5, -1/48 HPs)
             Began as a Minotaur Berserker on Aug 4, 2022.
             Was a Believer of Trog.
             Slain by a gnoll
             ... wielding a +0 club
              (4 damage)
             ... on level 6 of the Dungeon.
             The game lasted 00:15:05 (2721 turns).

Nyth the Slasher (Minotaur Berserker)               Turns: 2721, Time: 00:15:06

Health: -1/48      AC:  5    Str: 23    XL:     5   Next: 71%
Magic:  4/4        EV: 12    Int:  4    God:    Trog [**....]
Gold:   151        SH:  0    Dex: 10    Spells: 4/4 levels left

rFire   . . .      SeeInvis .   a - +0 falchion (vamp)
rCold   . . .      Faith    +   (no shield)
rNeg    . . .      Spirit   .   m - +0 ring mail
rPois   .          Reflect  .   (helmet restricted)
rElec   .          Harm     .   (no cloak)
rCorr   .          Rampage  .   (no gloves)
Will    .....                   (no boots)
Stlth   +.........              d - amulet of faith
HPRegen 0.16/turn               (no ring)
MPRegen 0.09/turn               (no ring)

@: on berserk cooldown, slowed, very slow
A: horns 2, retaliatory headbutt
a: Renounce Religion, Berserk, Trog's Hand


You were on level 6 of the Dungeon.
You worshipped Trog.
Trog was pleased with you.
You visited 1 branch of the dungeon, and saw 4 of its levels.

You collected 151 gold pieces.

Inventory:

Hand Weapons
 a - a +0 vampiric falchion (weapon)
 c - a +0 dagger
 i - a +1 dagger of freezing
 k - a +0 spear
 n - a +0 giant club
Armour
 b - a +0 animal skin
 f - a +0 robe
 l - a +0 robe
 m - a +0 ring mail (worn)
Jewellery
 d - an amulet of faith (around neck)
Scrolls
 e - 2 scrolls of identify
Potions
 h - 2 potions of attraction
 j - 2 potions of berserk rage


   Skills:
 + Level 5.1 Fighting
 + Level 5.5 Long Blades
 + Level 2.7 Armour
 + Level 3.7 Dodging
 + Level 1.0 Stealth


You had 4 spell levels left.
You didn't know any spells.
Your spell library contained the following spells:

 Spells                   Type           Power      Damage    Failure   Level
 Malign Gateway           Summ/Tloc      0%         N/A       100%        7
 Summon Horrible Things   Summ           0%         N/A       100%        8


Dungeon Overview and Level Annotations

Branches:
Dungeon (3/15)

Altars:

Shops:
D:3 !


Innate Abilities, Weirdness & Mutations

You have a pair of horns on your head.
You reflexively headbutt those who attack you in melee.


Message History

The gnoll hits you from afar with a +0 halberd! x2
You are too injured to fight recklessly!
You are too berserk!
You slash the gnoll sergeant!
The gnoll sergeant is almost dead.
The gnoll sergeant hits you with a +0 trident.
* * * LOW HITPOINT WARNING * * *
The gnoll closely misses you.
The gnoll hits you from afar with a +0 halberd!
* * * LOW HITPOINT WARNING * * *
The gnoll closely misses you.
You hit the gnoll sergeant but do no damage.
The gnoll sergeant is almost dead.
You hit the gnoll sergeant.
You kill the gnoll sergeant!
Trog accepts your kill. The gnoll barely misses you. x2
Your Stealth skill increases to level 1!
You are too berserk!
Unknown command.
You feel a strong urge to attack something.
You feel your anger nearly subside.
You are no longer berserk.
You are exhausted.
You feel yourself slow down.
You feel better. The gnoll closely misses you. The gnoll barely misses you.
There are no items here.
You're still recovering from your berserk rage.
The gnoll closely misses you. The gnoll hits you with a +0 club.
* * * LOW HITPOINT WARNING * * *
The gnoll closely misses you.
The gnoll hits you from afar with a +0 spear.
* * * LOW HITPOINT WARNING * * *
The gnoll completely misses you. The gnoll closely misses you.
The gnoll hits you from afar with a +0 spear.
* * * LOW HITPOINT WARNING * * *
The gnoll completely misses you. The gnoll hits you with a +0 flail.
* * * LOW HITPOINT WARNING * * *
The gnoll hits you with a +0 club.
You die...

##..## ##.... .#
##..## .... .#
##...# #... #.#
##...## #.. #..
#...## #.
#.##...# #.....##
##....# #@..##
###gg.# ##.ggg.#
###......##
#.........###
#######.....#
#......)...#
#........##......
####....## ......


You could see 5 gnolls.

Vanquished Creatures
  An ogre (D:6)
  A gnoll sergeant (D:6)
  A gnoll (D:1)
  An adder (D:2)
  An ufetubus (D:3)
  A dart slug (D:2)
  8 ball pythons
  9 bats
  5 endoplasms
  2 giant cockroaches
  5 goblins
  6 hobgoblins
  5 kobolds
  2 quokkas
  4 frilled lizards
  A rat (D:2)
53 creatures vanquished.

Notes
Turn   | Place    | Note
-------+----------+-------------------------------------------
     0 | D:1      | Nyth the Minotaur Berserker began the quest for the Orb.
     0 | D:1      | Reached XP level 1. HP: 19/19 MP: 0/0
    90 | D:1      | Reached XP level 2. HP: 5/27 MP: 1/1
  1026 | D:1      | Reached XP level 3. HP: 29/33 MP: 2/2
  1227 | D:1      | Found a faded altar of an unknown god.
  2147 | D:3      | Found Mavytynn's Distillery.
  2159 | D:3      | Reached ** piety under Trog
  2160 | D:3      | Reached XP level 4. HP: 38/41 MP: 3/3
  2532 | D:3      | You fall into a shaft and drop 3 floors!
  2532 | D:6      | Noticed an ogre
  2539 | D:6      | Killed an ogre
  2540 | D:6      | Reached skill level 5 in Fighting
  2540 | D:6      | Reached skill level 5 in Long Blades
  2540 | D:6      | Reached XP level 5. HP: 48/48 MP: 4/4
  2712 | D:6      | Reached skill level 1 in Stealth
  2721 | D:6      | Slain by a gnoll

Illustrated notes

Levels and vault maps discovered:
D:1:      heliophobic_arrival_enchanted_forest, layout_loops_cross,
          dilly_ecumenical_altar_fadedgnrine
D:2:      layout_basic, uniq_sigmund
D:3:      layout_loops_ring, serial_shops, nicolae_shop_waterfront
D:6:      layout_layer_cave, minmay_statues_item

Skill      XL: |  1  2  3  4  5 |
---------------+----------------+-----
Fighting       | 4 5 |  5.1
Long Blades    | 4 5 |  5.5
Dodging        | 3 |  3.7
Stealth        | 1 |  1.0
Armour         | |  2.7

Action                   |  1- 3 |  4- 6 || total
-------------------------+-------+-------++-------
Melee: Falchion          |    74 |    23 ||    97
       Headbutt          |     9 |     3 ||    12
       Punch             |     1 |     1 ||     2
Invok: Berserk           |     8 |     2 ||    10
  Use: Scroll            |     2 |     3 ||     5
       Potion            |       |     1 ||     1
 Stab: Sleeping          |     1 |       ||     1
Armor: Animal skin       |    14 |       ||    14
       Robe              |     7 |     1 ||     8
Dodge: Dodged            |    72 |    26 ||    98
